 Dungeon Crawl Stone Soup version 0.19-a0-1899-g2d93087 (webtiles) character file.

32 dobroeutro the Shooter (level 3, -2/30 HPs)
             Began as a Centaur Hunter on Oct 20, 2016.
             Slain by Crazy Yiuf
             ... wielding a +4 quarterstaff of chaos
              (3 damage)
             ... on level 2 of the Dungeon.
             The game lasted 00:01:57 (1762 turns).

dobroeutro the Shooter (Centaur Hunter)             Turns: 1762, Time: 00:01:57

Health: -2/30      AC:  4    Str: 14    XL:     3   Next: 10%
Magic:  0/3        EV:  9    Int: 10    God:
Gold:   55         SH:  0    Dex: 10    Spells: 0 memorised, 2 levels left

rFire  . . .     SeeInvis .     a - +1 shortbow
rCold  . . .     Gourm    .     c - +0 leather armour
rNeg   . . .     Faith    .     (shield currently unavailable)
rPois  .         Spirit   .     (no helmet)
rElec  .         Reflect  .     (no cloak)
rCorr  .         Harm     .     (no gloves)
MR     .....                    (no barding)
Stlth  ..........               (no amulet)
                                (no ring)
                                h - ring of loudness (curse)

@: very quick
A: hooves 3, deformed body, speed 2, tough skin 3
a: no special abilities


You were on level 2 of the Dungeon.
You were hungry.

You visited 1 branch of the dungeon, and saw 2 of its levels.

You collected 55 gold pieces.

Inventory:

Hand Weapons
 a - a +1 shortbow (weapon)
 b - a +0 short sword
Missiles
 d - 28 arrows (quivered)
Armour
 c - a +0 leather armour (worn)
Jewellery
 h - a cursed ring of loudness (left hand)
Scrolls
 e - 4 scrolls of identify {unknown}
 k - 2 scrolls of remove curse {unknown}
 m - a scroll of immolation {unknown}
 o - a scroll of teleportation {unknown}
Potions
 g - a potion of cancellation {unknown}
 i - 2 potions of curing {unknown}
 j - a potion of haste {unknown}
 n - a potion of heal wounds
Comestibles
 f - a bread ration
 l - 3 fruits


   Skills:
 + Level 2.8 Fighting
 + Level 6.1 Bows
 - Level 1.3 Dodging
 - Level 0.4 Stealth


You had 2 spell levels left.
You didn't know any spells.

Dungeon Overview and Level Annotations

Branches:
Dungeon (2/15)

Altars:

Annotations:
D:2 Crazy Yiuf, Sigmund


Innate Abilities, Weirdness & Mutations

You have hooves in place of feet.
Armour fits poorly on your strangely shaped body.
You cover ground very quickly.
You have extremely tough skin. (AC +3)


Message History

You shoot an arrow.
The arrow hits Crazy Yiuf but does no damage.
Crazy Yiuf closely misses you.
Firing (i - inventory):
d - 31 arrows (quivered)
Press: ? - help, Shift-Dir - straight line, f/p - Crazy Yiuf
Aim: Crazy Yiuf, wielding a quarterstaff of chaos and wearing a cloak You shoot an arrow.
The arrow hits Crazy Yiuf but does no damage.
Firing (i - inventory):
d - 30 arrows (quivered)
Press: ? - help, Shift-Dir - straight line, f/p - Crazy Yiuf
Aim: Crazy Yiuf, wielding a quarterstaff of chaos and wearing a cloak You shoot an arrow.
The arrow barely misses Crazy Yiuf.
Crazy Yiuf says, "Crazy?
Crazy!?
PORCUPINE!"
Crazy Yiuf completely misses you.
Firing (i - inventory):
d - 29 arrows (quivered)
Press: ? - help, Shift-Dir - straight line, f/p - Crazy Yiuf
Aim: Crazy Yiuf, wielding a quarterstaff of chaos and wearing a cloak You shoot an arrow.
The arrow completely misses Crazy Yiuf.
Crazy Yiuf hits you with a quarterstaff of chaos.
You die...

##.#####.##
#.$....†..##
##.###.###.# #.##.##
### #.##.# #.##.##
#.##..##♣♣ ###
###.##..#..♣♣ ♣♣#..)#
....##......♣♣♣♣@g(((#
#######......♣..♣#...#
###...♣.♣♣♣ ###
##♣♣♣♣♣


You could see Crazy Yiuf.

Vanquished Creatures
  A leopard gecko (D:1)
  2 ball pythons
  2 goblins (D:1)
  8 hobgoblins (D:1)
  2 jackals (D:1)
  4 bats
  2 frilled lizards (D:1)
  2 kobolds (D:1)
  6 rats
29 creatures vanquished.

Notes
Turn   | Place    | Note
-------+----------+-------------------------------------------
     0 | D:1      | dobroeutro the Centaur Hunter began the quest for the Orb.
     0 | D:1      | Reached XP level 1. HP: 17/17 MP: 1/1
   166 | D:1      | Reached XP level 2. HP: 13/24 MP: 2/2
   762 | D:1      | Reached skill level 6 in Bows
  1141 | D:2      | Noticed Sigmund
  1465 | D:1      | Reached XP level 3. HP: 27/30 MP: 3/3
  1674 | D:2      | Found a runed door.
  1749 | D:2      | Noticed Crazy Yiuf
  1756 | D:2      | HP: 1/30 [Crazy Yiuf/quarterstaff of chaos (6)]
  1762 | D:2      | Slain by Crazy Yiuf

Vault maps used:
D:1:      evilmike_arrival_rings, hex_large, minmay_misc_feat_rows,
          hangedman_abyss_or_decor_lesser_grid, minmay_misc_feat_x,
          minmay_pentomino_q2
D:2:      uniq_crazy_yiuf_cottage, uniq_terence, uniq_sigmund

Skill      XL: |  1  2 |
---------------+-------+-----
Bows           | 6 |  6.1
Fighting       | |  2.8
Dodging        | |  1.3
Stealth        | |  0.4

Action                   || total
-------------------------++-------
Melee: Short sword       ||    92
       Kick              ||    12
 Fire: Shortbow          ||    13
  Eat: Chunk             ||     1
Armor: Leather armour    ||    38
Dodge: Dodged            ||    45
